 Dungeon Crawl Stone Soup version 0.31-a0-968-g24f9ace8b5 (webtiles) character file.

Game seed: 11458541206875719114

660 Xavori the Trooper (level 7, -6/58 HPs)
             Began as a Djinni Chaos Knight on Oct 27, 2023.
             Was a Plaything of Xom.
             Mangled by a two-headed ogre
             ... wielding a +0 giant club
              (14 damage)
             ... on level 5 of the Dungeon.
             The game lasted 00:05:06 (11158 turns).

Xavori the Trooper (Djinni Chaos Knight)           Turns: 11158, Time: 00:05:06

Health: -6/58      AC:  6    Str: 15      XL:     7   Next: 86%
Gold:   267        EV: 13    Int: 17 (18) God:    Xom [......] SH:  0 Dex: 14

rFire   + + .        a - +1 falchion (freeze)
rCold   x . .        (no shield)
rNeg    . . .        b - +2 leather armour
rPois   ∞            (no helmet)
rElec   .            (no cloak)
rCorr   .            k - +0 pair of gloves
SInv    +            (boots unavailable)
Will    .....        (no amulet)
Stlth   +            h - +6 ring of intelligence
HPRegen 0.29/turn    (no ring)
MPRegen 0.00/turn

%: clarity, infuse magic (-7 HP)
@: flying
A: sickness immunity, fire resistance 2, cold vulnerability 1, float, innate
caster, HP casting, extra vitality 1, see invisible, clarity, robust 1, strong
1, inability to drink after injury 1, MP-powered wands
a: Renounce Religion


You were on level 5 of the Dungeon.
You worshipped Xom.
You were a very special plaything of Xom.
You visited 1 branch of the dungeon, and saw 5 of its levels.
You also visited: Sewer.

You collected 267 gold pieces.

Inventory:

Hand Weapons
 a - a +1 falchion of freezing (weapon)
Armour
 b - a +2 leather armour (worn)
 k - a +0 pair of gloves (worn)
 n - a +0 helmet
Jewellery
 e - an amulet of regeneration
 h - a +6 ring of intelligence (left hand)
Scrolls
 c - a scroll of butterflies
 i - 2 scrolls of teleportation
 l - 2 scrolls of blinking
 q - a scroll of vulnerability
 s - 2 scrolls of poison
 u - a scroll of fog
Potions
 d - 2 potions of cancellation {unknown}
 f - 2 potions of lignification {unknown}
 j - a potion of invisibility {unknown}
 m - 2 potions of brilliance
 r - a potion of haste {unknown}
 v - a potion of berserk rage {unknown}


   Skills:
 + Level 4.4 Fighting
 + Level 4.0 Long Blades
 + Level 3.3 Armour
 + Level 4.2 Dodging
 * Level 2.8 Spellcasting
 * Level 2.8 Conjurations
 * Level 2.8 Hexes
   Level 0.0 Charms
 * Level 2.8 Summonings
 * Level 2.8 Necromancy
 * Level 2.8 Translocations
 * Level 2.8 Transmutations
 * Level 2.8 Fire Magic
 * Level 2.8 Ice Magic
 * Level 2.8 Air Magic
 * Level 2.8 Earth Magic
 * Level 2.8 Poison Magic


You knew the following spells:

 Your Spells              Type           Power      Damage    Failure   Level
a - Shock                 Conj/Air       44%        1d5       7%          1
b - Jinxbite              Hex            22%        N/A       11%         2
c - Wereblood             Tmut           11%        N/A       11%         2
Your spell library was empty.

Dungeon Overview and Level Annotations

Branches:
Dungeon (5/15)             Temple (0/1) D:4           Sewer (visited)

Altars:
Hepliaklqana


Innate Abilities, Weirdness & Mutations

You are immune to sickness and miasma.
You are immune to poison.
Your flesh is very heat resistant. (rF++)
You are vulnerable to cold. (rC-)
You float through the air rather than walking.
You learn spells naturally, not from books.
Your magical power is your life essence.
You have superior vitality. (+4 MHP)
You have supernaturally acute eyesight. (SInv)
You possess an exceptional clarity of mind.
You are robust. (+10% HP)
Your muscles are strong. (Str +4, Int/Dex -1)
You occasionally lose the ability to drink potions when taking damage.
You expend health (3 HP) to strengthen your wands.


Message History

You feel your willpower return.
Xom makes a sudden noise!
You hear a splashing noise.
You can't go down here!
You feel a little less clever now.
There is a stone staircase leading down here.
You fly downwards.
Found an escape hatch in the floor.
There is a stone staircase leading up here.
Found an escape hatch in the ceiling.
The two-headed ogre shouts in stereo!
A two-headed ogre is nearby!
Found a scroll labelled SOYPAU YPPUT.
You hit the two-headed ogre. You freeze the two-headed ogre.
The two-headed ogre is lightly wounded.
The two-headed ogre hits you with a +0 giant club!!
The two-headed ogre closely misses you.
You barely miss the two-headed ogre.
The two-headed ogre is lightly wounded.
The two-headed ogre hits you with a +0 giant club!
The two-headed ogre completely misses you.
You are too injured to fight recklessly!
You are too injured to fight recklessly!
Casting: Jinxbite (safe; 11% risk of failure)
Confirm with . or Enter, or press ? or * to list all spells.
Okay, then.
You barely miss the two-headed ogre.
The two-headed ogre is lightly wounded.
The two-headed ogre misses you. The two-headed ogre barely misses you.
You slash the two-headed ogre! You freeze the two-headed ogre.
The two-headed ogre is moderately wounded.
You completely miss the two-headed ogre.
The two-headed ogre is moderately wounded.
The two-headed ogre barely misses you.
The two-headed ogre hits you with a +0 giant club!
* * * LOW HITPOINT WARNING * * *
You hit the two-headed ogre but do no damage.
The two-headed ogre is moderately wounded.
The two-headed ogre hits you with a +0 giant club!
You die...
Xom roars with laughter!

.# #.....####.#
.#.##O### #.#.#
#.##...####...?
###.#..~..#......
#.....≈~~...# ...
#.#.#..~..### #.#
#.#.##...## #.#
##.#.###.## #O#
...#O#....######@######
#.........##..........#
##.#.#...###.###.####.#
#O#.##.##
#.####.########
#.#.##.#
#.............<
#O#.##.#
######.########
#.#.##.# #.# #.#.##.#
#.# ....##.# ########.#


You could see a two-headed ogre.

Vanquished Creatures
  Grinder (D:3)
  A scorpion (D:4)
  2 jellies (D:4)
  2 orc wizards (D:3)
  Natasha (twice) (D:3)
  Robin (D:3)
  6 adders
  3 gnolls (D:3)
  3 river rats (Sewer)
  3 worms (D:4)
  3 dart slugs
  11 orcs
  12 ball pythons
  3 endoplasms
  5 giant cockroaches
  6 hobgoblins
  4 jackals (D:1)
  4 quokkas
  8 bats
  7 frilled lizards
  15 goblins
  7 kobolds
  10 rats
119 creatures vanquished.

Vanquished Creatures (collateral kills)
  An adder (D:3)
  A giant cockroach (D:3)
2 creatures vanquished.

Grand Total: 121 creatures vanquished

Notes
Turn   | Place    | Note
-------+----------+-------------------------------------------
     0 | D:1      | Xavori the Djinni Chaos Knight began the quest for the Orb.
     0 | D:1      | Reached XP level 1. HP: 20/20 MP: 0/0
   234 | D:1      | XOM: silly message
   364 | D:1      | Reached XP level 2. HP: 25/25 MP: 0/0
   396 | D:1      | XOM: silly message
   497 | D:1      | XOM: noise
   609 | D:1      | Reached XP level 3. HP: 30/30 MP: 0/0
   609 | D:1      | Learned a level 1 spell: Shock
   914 | D:1      | XOM: noise
  1367 | D:1      | XOM: scenery: 3 doors close
  1864 | D:1      | XOM: divination: detect items
  2070 | D:1      | XOM: divination: detect items
  3444 | D:1      | XOM is BORED!
  4340 | D:1      | XOM: silly message
  4745 | D:1      | XOM: cloud trail
  5769 | D:1      | XOM: scenery: 3 doors open
  6473 | D:1      | XOM: scenery: 3 doors close
  6479 | D:1      | XOM: cloud trail
  7263 | D:1      | XOM: summons 1 hostile demon
  7356 | D:2      | XOM: 3-stop teleportation journey
  7370 | D:2      | Reached skill level 1 in Spellcasting
  7370 | D:2      | Reached skill level 1 in Conjurations
  7370 | D:2      | Reached skill level 1 in Hexes
  7370 | D:2      | Reached skill level 1 in Summonings
  7370 | D:2      | Reached skill level 1 in Necromancy
  7370 | D:2      | Reached skill level 1 in Translocations
  7370 | D:2      | Reached skill level 1 in Transmutations
  7370 | D:2      | Reached skill level 1 in Fire Magic
  7370 | D:2      | Reached skill level 1 in Ice Magic
  7370 | D:2      | Reached skill level 1 in Air Magic
  7370 | D:2      | Reached skill level 1 in Earth Magic
  7370 | D:2      | Reached skill level 1 in Poison Magic
  7579 | D:2      | Reached XP level 4. HP: 33/35 MP: 0/0
  7923 | D:2      | Found a faded altar of an unknown god.
  7998 | D:3      | XOM: 5-stop teleportation journey
  8281 | D:3      | Reached XP level 5. HP: 40/40 MP: 0/0
  8281 | D:3      | Learned a level 2 spell: Jinxbite
  8283 | D:3      | XOM: noise
  8296 | D:3      | Noticed Robin
  8309 | D:3      | Killed Robin
  8349 | D:3      | XOM: give mutations
  8349 | D:3      | Gained mutation: You occasionally lose the ability to drink
                  | potions when taking damage. [Xom's mischief]
  8349 | D:3      | Gained mutation: Armour fits poorly on your strangely
                  | shaped body. [Xom's mischief]
  8349 | D:3      | Gained mutation: You expend health (3 HP) to strengthen
                  | your wands. [Xom's mischief]
  8449 | D:3      | Noticed Grinder
  8451 | D:3      | Paralysed by Grinder for 4 turns
  8463 | D:3      | XOM: confuse monster(s)
  8472 | D:3      | Killed Grinder
  8473 | D:3      | Reached XP level 6. HP: 7/47 MP: 0/0
  8622 | D:3      | XOM: 7-stop teleportation journey
  8668 | D:3      | Reached XP level 7. HP: 22/52 MP: 0/0
  8668 | D:3      | Learned a level 2 spell: Wereblood
  8780 | D:3      | XOM: 3-stop teleportation journey
  8786 | D:3      | XOM: give mutations
  8786 | D:3      | Gained mutation: You are robust. (+10% HP) [Xom's grace]
  8786 | D:3      | Gained mutation: You have a pair of small antennae on your
                  | head. [Xom's grace]
  8826 | D:3      | XOM: god gift: book of Air
  8868 | D:3      | XOM: polymorph orc -> frilled lizard
  8872 | D:3      | XOM: give mutations
  8872 | D:3      | Gained mutation: You have hidden genetic potential. [Xom's
                  | grace]
  8872 | D:3      | Gained mutation: You have supernaturally acute eyesight.
                  | (SInv) [Xom's grace]
  9113 | D:3      | XOM: summons 2 friendly demons
  9178 | D:3      | Noticed Natasha
  9184 | D:3      | Killed Natasha
  9189 | D:3      | XOM: stat loss: -1 Str (10/11)
  9243 | D:3      | Noticed Natasha
  9250 | D:3      | Killed Natasha
  9935 | D:4      | XOM: 1-stop teleportation journey
  9955 | D:4      | Found a glowing drain.
  9959 | Sewer    | Entered a sewer
 10154 | Sewer    | XOM: give mutations
 10154 | Sewer    | Gained mutation: Your muscles are strong. (Str +4, Int/Dex
                  | -1) [Xom's mischief]
 10154 | Sewer    | Gained mutation: You are strong-willed. (Will+) [Xom's
                  | mischief]
 10251 | Sewer    | XOM: polymorph ball python -> river rat
 10433 | D:4      | XOM: chaos cloud
 10488 | D:4      | Found a staircase to the Ecumenical Temple.
 10507 | D:4      | XOM: confusion
 10512 | D:4      | XOM: 7-stop teleportation journey
 10517 | D:4      | XOM: smoke on damage
 10582 | D:4      | XOM: give mutations
 10582 | D:4      | Gained mutation: You possess an exceptional clarity of
                  | mind. [Xom's mischief]
 10582 | D:4      | Lost mutation: You have hidden genetic potential. [Xom's
                  | mischief]
 10582 | D:4      | Gained mutation: Your spells are a little easier to cast,
                  | but a little less powerful. [Xom's mischief]
 10646 | D:4      | XOM: give mutations
 10646 | D:4      | Lost mutation: Armour fits poorly on your strangely shaped
                  | body. [Xom's mischief]
 10646 | D:4      | Lost mutation: You have a pair of small antennae on your
                  | head. [Xom's mischief]
 10646 | D:4      | Lost mutation: You are strong-willed. (Will+) [Xom's
                  | mischief]
 10646 | D:4      | Lost mutation: Your spells are a little easier to cast, but
                  | a little less powerful. [Xom's mischief]
 10718 | D:4      | Found a hazy altar of Hepliaklqana.
 10851 | D:4      | XOM: stat loss: -1 Int (17/18)
 11052 | D:5      | Entered Level 5 of the Dungeon
 11073 | D:5      | Noticed a two-headed ogre
 11105 | D:4      | XOM: noise
 11158 | D:5      | Mangled by a two-headed ogre

Illustrated notes

Levels and vault maps discovered:
D:1:      matt_arrival_refuge, layout_loops_corners
D:2:      layout_loops_cross, shapermc_ecumenical_altar_mp_vishouse,
          minmay_misc_feat_pillars
D:3:      layout_basic, uniq_grinder, uniq_natasha, uniq_robin
D:4:      layout_basic, nicolae_hepliaklqana_hazy_memory,
          minmay_temple_entry_antechambers, gup_sewer_entry_spiral,
          kennysheep_generic_room_7
D:5:      layout_loops_ring, amcnicky_mini_pool_small, hangedman_decor_lopped

Skill      XL: |  1  2  3  4  5  6  7 |
---------------+----------------------+-----
Long Blades    | 3 4 |  4.0
Spellcasting   | 1 2 |  2.8
Conjurations   | 1 2 |  2.8
Hexes          | 1 2 |  2.8
Summonings     | 1 2 |  2.8
Necromancy     | 1 2 |  2.8
Translocations | 1 2 |  2.8
Transmutations | 1 2 |  2.8
Fire Magic     | 1 2 |  2.8
Ice Magic      | 1 2 |  2.8
Air Magic      | 1 2 |  2.8
Earth Magic    | 1 2 |  2.8
Poison Magic   | 1 2 |  2.8
Armour         | 2 3 |  3.3
Dodging        | 3 4 |  4.2
Fighting       | 4 |  4.4

Action                     |  1- 3 |  4- 6 |  7- 9 || total
---------------------------+-------+-------+-------++-------
  Melee: Falchion          |    76 |   110 |   158 ||   344
         Punch             |       |     1 |       ||     1
   Cast: Jinxbite          |       |     1 |     1 ||     2
    Use: Scroll            |       |       |    10 ||    10
         Potion            |       |       |     1 ||     1
   Stab: Sleeping          |     1 |       |     3 ||     4
         Confused          |       |     1 |     1 ||     2
         Petrifying        |       |       |     1 ||     1
 Armour: Leather armour    |    57 |    65 |    81 ||   203
  Dodge: Dodged            |    62 |    73 |   109 ||   244

Table legend: (Time is in decaauts)
 A = Elapsed time spent in this place.
 B = Non-inter-level travel time spent in this place.
 C = Inter-level travel time spent in this place.
 D = Time resting spent in this place.
 E = Time spent auto-exploring this place.
 F = Levels seen in this place.
 G = Mean time per level.
                   A        B        C        D        E       F      G
               +--------+--------+--------+--------+--------+-----+--------+
         Total |  11204 |  11018 |    186 |   6815 |   3338 |   6 | 1867.3 |
       Dungeon |  10761 |  10575 |    186 |   6815 |   3003 |   5 | 2152.2 |
         Sewer |    442 |    442 |      0 |      0 |    335 |   1 |  442.0 |
               +--------+--------+--------+--------+--------+-----+--------+

Top non-repeatable levels by time:
     D:1: 7272 daAuts
     D:3: 1771 daAuts
     D:4: 948 daAuts
     D:2: 712 daAuts
   Sewer: 442 daAuts
     D:5: 57 daAuts
